 Dungeon Crawl Stone Soup version 0.14-a0-717-gc32513d (webtiles) character file.

73 Antunes the Magician (level 3, 0/27 HPs)
             Began as a Draconian Wanderer on Nov 6, 2013.
             Succumbed to poison (a potion of poison)
             ... on Level 3 of the Dungeon.
             The game lasted 00:15:45 (1191 turns).

Antunes the Magician (Draconian Wanderer)           Turns: 1191, Time: 00:15:46

HP   0/27        AC  5     Str 14      XL: 3   Next: 51%
MP   1/6         EV 11     Int 11      God:
Gold 24          SH  0     Dex 12      Spells:  4 memorised,  1 level left

Res.Fire  : . . .   See Invis. : .   p - +1 dwarf dagger
Res.Cold  : . . .   Warding    : .   (armour unavailable)
Life Prot.: . . .   Conserve   : .   (no shield)
Res.Poison: .       Res.Corr.  : .   (helmet restricted)
Res.Elec. : .       Clarity    : .   (no cloak)
Sust.Abil.: . .     Spirit.Shd : +   (no gloves)
Res.Mut.  : .       Stasis     : .   (no boots)
Res.Rott. : .       Flight     : .   h - amulet of guardian spirit
Saprovore : . . .                    (no ring)
                                     (no ring)

@: mildly poisoned, not resistant to hostile enchantments, unstealthy
A: unfitting armour, AC +5
a: no special abilities


You were on level 3 of the Dungeon.
You were very hungry.

You visited 1 branch of the dungeon, and saw 3 of its levels.

You collected 24 gold pieces.

Dungeon Overview and Level Annotations

Branches:
Dungeon (3/27)

Altars:

Annotations:
D:2 Ijyb


   Skills:
 + Level 2.0 Fighting
 * Level 0.2 Short Blades
   Level 1.7 Crossbows
 + Level 1.0 Dodging
 * Level 1.5 Stealth
   Level 1.0 Shields
 + Level 3.4 Spellcasting
 * Level 0.6 Conjurations
 * Level 0.2 Translocations
   Level 2.0 Transmutations


You had one spell level left.
You knew the following spells:

 Your Spells              Type           Power        Failure   Level  Hunger
a - Magic Dart            Conj           #...         24%         1    #......
s - Call Imp              Summ           #.........   43%         2    ##.....
x - Repel Missiles        Chrm/Air       #.........   43%         2    ##.....
B - Blink                 Tloc           N/A          34%         2    ##.....

Inventory:

Hand weapons
 b - a -1,+1 orcish short sword
 c - a +0,+0 club
 g - a +0,+3 short sword
 j - a +0,+0 sling
 k - a +1,+0 elven dagger
 p - a +1,+1 dwarven dagger (weapon)
 q - a cursed -3,-1 dagger
 t - a +2,+0 elven dagger
Missiles
 e - 6 darts of frost (quivered)
 m - 25 arrows
Comestibles
 d - a bread ration
 r - an apple
Scrolls
 u - a scroll of blinking {unknown}
Jewellery
 h - an amulet of guardian spirit (around neck)
Potions
 i - a potion of brilliance
Books
 a - a book of Minor Magic

   Spells                             Type                      Level
   *Magic Dart                        Conjuration                  1
   *Blink                             Translocation                2
   *Call Imp                          Summoning                    2
   *Repel Missiles                    Charms/Air                   2
   Slow                               Hexes                        2
   Conjure Flame                      Conjuration/Fire             3
   Mephitic Cloud                     Conjuration/Poison/Air       3


Message History

You feel sick. The orc barely misses you.
* * * LOW HITPOINT WARNING * * *
You feel sick.
You feel a little better.
You are feeling very hungry.
You hit the orc.
The orc is severely wounded.
* * * LOW HITPOINT WARNING * * *
You feel sick. The orc barely misses you.
You barely miss the orc.
The orc is severely wounded.
* * * LOW HITPOINT WARNING * * *
You feel sick.
You feel a little better. The orc hits you but does no damage.
You hit the orc.
You kill the orc!
* * * LOW HITPOINT WARNING * * *
You feel sick.
You die...

▒·▒▒ ···▒
▒··▒ ▒··▒
▒··▒
▒▒▒▒▒▒··▒
▒···<···▒
▒o▒▒▒▒▒·▒
··········▒
▒d▒
▒▒·▒▒▒▒··▒
▒·▒ ▒?·▒
▒·▒ ····
··▒
▒··▒▒▒▒▒▒
·%·▒ ▒··▒
··o


There were no monsters in sight!

Action                   || total
-------------------------++-------
Melee: Short sword       ||    69
       Club              ||     4
       Dagger            ||    27
 Cast: Magic Dart        ||    11
  Use: Scroll            ||     2
       Potion            ||     3

Vanquished Creatures
  Jessica (D:2)
  An adder (D:2)
  A giant gecko (D:3)
  2 orcs (D:3)
  A ball python (D:2)
  2 bats (D:1)
  2 goblins (D:1)
  3 hobgoblins (D:1)
  6 kobolds
  2 rats
21 creatures vanquished.

Notes
Turn   | Place    | Note
--------------------------------------------------------------
     0 | D:1      | Antunes, the Draconian Wanderer, began the quest for the Orb.
     0 | D:1      | Reached XP level 1. HP: 15/15 MP: 2/2
   391 | D:1      | Reached XP level 2. HP: 22/22 MP: 2/4
   743 | D:2      | Reached skill level 2 in Fighting
   753 | D:2      | Learned a level 2 spell: Blink
   756 | D:2      | Learned a level 2 spell: Call Imp
   776 | D:2      | Noticed Ijyb
   785 | D:2      | Noticed Jessica
   794 | D:2      | Killed Jessica
   794 | D:2      | Reached XP level 3. HP: 15/27 MP: 3/6
   808 | D:2      | HP: 4/27 [Ijyb/orcish club (3)]
   899 | D:3      | Learned a level 2 spell: Repel Missiles
  1171 | D:3      | Reached skill level 1 in Dodging
  1185 | D:3      | HP: 5/27 [orc/orcish whip (4)]
  1188 | D:3      | HP: 2/27 [poison (a potion of poison)]
  1191 | D:3      | Succumbed to poison (a potion of poison)

Vault maps used:
D:1:      saegor_entry_simple_F, minmay_misc_feat_rows, grunt_decor_arrowhead
D:2:      firewood_loft, cheibriados_altar_1, uniq_iyjb, uniq_jessica
D:3:      fedhas_altar_3, nicolae_overflow_hidden_temple
